 Dungeon Crawl Stone Soup version 0.17-a0-1718-g72dbe4d (webtiles) character file.

3890 urechis the Grappler (level 10, -1/82 HPs)
             Began as a Demonspawn Gladiator on Aug 24, 2015.
             Slain by a warg (10 damage)
             ... on level 9 of the Dungeon.
             The game lasted 00:13:56 (6553 turns).

urechis the Grappler (Demonspawn Gladiator)         Turns: 6553, Time: 00:13:58

Health: -1/82      AC:  6    Str: 17    XL:     10   Next: 0%
Magic:  0/12       EV: 12    Int:  9    God:
Gold:   413        SH:  0    Dex: 16    Spells: 1 memorised, 9 levels left

rFire  . . .     SeeInvis .       - Unarmed
rCold  . . .     Clarity  .     y - +1 ring mail {rPois}
rNeg   . . .     SustAt   .     (no shield)
rPois  +         Gourm    .     (helmet restricted)
rElec  .         Spirit   +     (no cloak)
rCorr  .         Warding  .     (no gloves)
rMut   .         Stasis   .     (no boots)
MR     .....                    u - amulet of rage
Stlth  +.........               (no ring)
                                H - ring of wizardry

@: not resistant to hostile enchantments, very unstealthy
A: claws 1, hooves 2, horns 2, powered by death 1, magic shield
a: Evoke Berserk Rage


You were on level 9 of the Dungeon.
You were not hungry.

You visited 1 branch of the dungeon, and saw 9 of its levels.

You collected 413 gold pieces.

Inventory:

Missiles
 d - 3 throwing nets (quivered)
Armour
 y - a +1 ring mail of poison resistance (worn)
 D - a +0 fire dragon armour
Jewellery
 u - an amulet of rage (around neck)
 H - a ring of wizardry (left claw)
Scrolls
 g - 3 scrolls of fear
 l - 4 scrolls of teleportation
 n - 2 scrolls of enchant weapon
 p - 2 scrolls of fog
 s - 4 scrolls of recharging
 t - 3 scrolls of blinking
 v - 2 scrolls of remove curse
 w - 3 scrolls of enchant armour
 C - a scroll of acquirement {unknown}
 G - a scroll of identify
Potions
 a - 2 potions of flight
 b - a potion of agility {unknown}
 c - a potion of curing
 f - 3 potions of beneficial mutation {unknown}
 i - a potion of ambrosia {unknown}
 q - a potion of invisibility {unknown}
 r - a potion of cancellation {unknown}
 x - 2 potions of lignification {unknown}
 z - a potion of resistance {unknown}
 B - a potion of brilliance {unknown}
 E - 2 potions of heal wounds {unknown}
 F - 2 potions of cure mutation {unknown}
Books
 m - a book of Air

   Spells                             Type                      Level
   a - Shock                          Conjuration/Air              1
   b - Swiftness                      Charms/Air                   2
   c - Repel Missiles                 Charms/Air                   2
   d - Static Discharge               Conjuration/Air              3
   e - Lightning Bolt                 Conjuration/Air              5
 A - a book of Debilitation

   Spells                             Type                      Level
   a - Corona                         Hexes                        1
   b - Slow                           Hexes                        2
   c - Gell's Gravitas                Hexes/Translocation          3
   d - Inner Flame                    Hexes/Fire                   3
   e - Cause Fear                     Hexes                        4
   f - Leda's Liquefaction            Hexes/Earth                  4
Comestibles
 e - 4 bread rations
 h - 3 beef jerkies
 j - a chunk of flesh
 k - 15 fruits
 o - 12 meat rations


   Skills:
 + Level 8.4 Fighting
   Level 3.2 Staves
 - Level 1.7 Throwing
 - Level 3.1 Armour
 - Level 2.6 Dodging
 - Level 10.0 Unarmed Combat
 + Level 1.3 Spellcasting


You had 9 spell levels left.
You knew the following spells:

 Your Spells              Type           Power        Failure   Level  Hunger
a - Swiftness             Chrm/Air       #.......     61%         2    ###....


Dungeon Overview and Level Annotations

Branches:
Dungeon (9/15)             Temple (0/1) D:5            Lair (0/8) D:9
    Orc: D:9-12

Altars:
Cheibriados
Dithmenos
Fedhas
Makhleb
Qazlal
Zin
The Shining One

Shops:
D:2 *


Innate Abilities, Weirdness & Mutations

You have sharp fingernails.
You have hoof-like feet.
You have a pair of horns on your head.
You regenerate a little health from kills.
When hurt, damage is shared between your health and your magic reserves.


Message History

The warg bites you.
* * * LOW HITPOINT WARNING * * *
You scratch the warg. Your kick misses the warg.
The warg is almost dead.
The warg closely misses you.
You hear some strange, mumbled words.
The warg bites you!
* * * LOW HITPOINT WARNING * * *
Drink which item? (? for menu, Esc to quit)
You feel better. The warg closely misses you. The warg closely misses you.
The warg stops to sniff the ground.
The warg misses you.
You completely miss the warg. Your kick misses the warg.
Your headbutt misses the warg.
The warg is almost dead.
The orc wizard gestures wildly while chanting.
The orc wizard blinks!
The warg bites you!
* * * LOW HITPOINT WARNING * * *
The warg bites you!
You die...

####..........#...#..........
...'..........#...#...#####..
...#..........#####...# .
...#..................#
...#..(......#####....#
..##.###...###...#....#
..#..#E#...#E#...#....#
..#..###...###...#....#
..#.............@#....#
..#......_......hhoc..#####
###..............#Yo§......
#....###...#######.oo......
#....#E#...#E# ##...###..
.....###...### .....# .
............# .......#
..†.........# #.......#
............# ..........


You could see 2 wargs, an orc warrior, an ice beast, a centaur, an orc wizard
and 2 orcs.

Vanquished Creatures
  The ghost of urechis the Spear-Bearer, an experienced DsFi of Makhleb (D:6)
  A wyvern (D:8)
  A water moccasin (D:8)
  2 black bears
  2 sky beasts
  2 ogres
  A phantom (D:4)
  4 big kobolds
  4 ice beasts
  A centaur (D:7)
  2 giant frogs
  2 scorpions
  A wyvern skeleton (D:6)
  A killer bee (D:8)
  A water moccasin skeleton (D:7)
  5 wights (D:8)
  A crimson imp (D:8)
  2 hounds
  A giant frog skeleton (D:5)
  2 centaur skeletons
  8 worker ants
  An orc priest (D:8)
  Ijyb (D:3)
  A jelly (D:5)
  7 orc wizards
  A hound zombie (D:7)
  3 hound skeletons
  A worker ant zombie (D:7)
  8 adders
  14 gnolls
  3 shadow imps
  An ooze (D:5)
  An adder zombie (D:8)
  3 worms
  4 giant geckos
  31 orcs
  2 ball pythons
  7 giant cockroaches
  38 goblins
  21 hobgoblins
  13 kobolds
  2 quokkas
  8 bats
  5 giant newts
  11 jackals
  8 rats
240 creatures vanquished.

Vanquished Creatures (others)
  A goblin (D:5)
1 creature vanquished.

Grand Total: 241 creatures vanquished

Notes
Turn   | Place    | Note
--------------------------------------------------------------
     0 | D:1      | urechis the Demonspawn Gladiator began the quest for the Orb.
     0 | D:1      | Reached XP level 1. HP: 16/16 MP: 1/1
    87 | D:1      | Reached skill level 3 in Staves
   395 | D:1      | Gained mutation: You have a pair of small horns on your head. [demonic ancestry]
   395 | D:1      | Reached XP level 2. HP: 22/22 MP: 2/2
   769 | D:1      | Reached skill level 1 in Unarmed Combat
   825 | D:2      | Found Zin's Purification Station.
   827 | D:2      | Found a glowing silver altar of Zin.
   909 | D:2      | Gained mutation: You regenerate a little health from kills. [demonic ancestry]
   909 | D:2      | Reached XP level 3. HP: 23/27 MP: 3/3
   931 | D:2      | Found a snail-covered altar of Cheibriados.
   933 | D:2      | Found a glowing golden altar of the Shining One.
   935 | D:2      | Found a stormy altar of Qazlal.
  1457 | D:3      | Gained mutation: You have large cloven feet. [demonic ancestry]
  1457 | D:3      | Reached XP level 4. HP: 17/33 MP: 4/4
  1700 | D:3      | Noticed Ijyb
  1715 | D:3      | Killed Ijyb
  1767 | D:3      | Gained mutation: When hurt, damage is shared between your health and your magic reserves. [demonic ancestry]
  1767 | D:3      | Reached XP level 5. HP: 29/38 MP: 5/5
  1779 | D:3      | Reached skill level 4 in Unarmed Combat
  2328 | D:4      | Reached skill level 1 in Armour
  2348 | D:4      | Reached XP level 6. HP: 41/44 MP: 6/6
  2455 | D:4      | Noticed a phantom
  2497 | D:4      | Killed a phantom
  2497 | D:4      | Reached skill level 5 in Unarmed Combat
  2536 | D:4      | Noticed an ogre
  2574 | D:4      | Killed an ogre
  2724 | D:4      | Gained mutation: You have sharp fingernails. [demonic ancestry]
  2724 | D:4      | Reached XP level 7. HP: 50/50 MP: 7/7
  2805 | D:5      | Entered Level 5 of the Dungeon
  3231 | D:5      | Reached skill level 6 in Unarmed Combat
  3341 | D:5      | Found a burning altar of Makhleb.
  3515 | D:5      | Found a staircase to the Ecumenical Temple.
  3784 | D:5      | Reached skill level 7 in Unarmed Combat
  3804 | D:5      | Gained mutation: You have a pair of horns on your head. [demonic ancestry]
  3804 | D:5      | Reached XP level 8. HP: 56/56 MP: 3/8
  4170 | D:6      | Reached skill level 8 in Unarmed Combat
  4518 | D:6      | Noticed urechis's ghost (experienced DsFi)
  4538 | D:6      | Killed urechis's ghost
  4538 | D:6      | Reached skill level 9 in Unarmed Combat
  5086 | D:7      | Reached skill level 10 in Unarmed Combat
  5086 | D:7      | Reached XP level 9. HP: 51/61 MP: 6/9
  5707 | D:8      | Reached skill level 5 in Fighting
  5813 | D:8      | Found a shadowy altar of Dithmenos.
  6014 | D:8      | Found a blossoming altar of Fedhas.
  6093 | D:8      | Noticed a centaur skeleton
  6102 | D:8      | Killed a centaur skeleton
  6289 | D:8      | Learned a level 2 spell: Swiftness
  6427 | D:9      | Found a stormy altar of Qazlal.
  6498 | D:9      | Reached skill level 1 in Spellcasting
  6524 | D:9      | Gained mutation: You have hoof-like feet. [demonic ancestry]
  6524 | D:9      | Reached XP level 10. HP: 82/82 MP: 10/12
  6540 | D:9      | Found a staircase to the Lair.
  6553 | D:9      | Slain by a warg

Vault maps used:
D:1:      minmay_arrival_stone_box, hangedman_decor_opposing
D:2:      zin_purify, grunt_temple_overflow_open
D:3:      uniq_iyjb
D:4:      first_bread
D:5:      minmay_goblin_kobold_castle, bloody_makhleb, temple_hall
D:8:      hangedman_tree_tricks, nicolae_dithmenos_the_darkroom
D:9:      overflow_temple_1_default, erik_lair_orcish_takeover,
          nicolae_qazlal_style_of_elements

Action                   |  1- 3 |  4- 6 |  7- 9 | 10-12 || total
-------------------------+-------+-------+-------+-------++-------
Melee: Quarterstaff      |    22 |       |       |       ||    22
       Unarmed           |   104 |   254 |   488 |     8 ||   854
  Use: Potion            |       |       |     1 |     1 ||     2
       Scroll            |       |       |    14 |       ||    14
 Stab: Sleeping          |     3 |       |       |       ||     3
  Eat: Chunk             |     1 |     5 |     9 |       ||    15
       Royal jelly       |       |       |     2 |       ||     2
